%YAML 1.1
%TAG !u! tag:unity3d.com,2011:
--- !u!1 &1016381344798721
GameObject:
  m_ObjectHideFlags: 0
  m_CorrespondingSourceObject: {fileID: 0}
  m_PrefabInstance: {fileID: 0}
  m_PrefabAsset: {fileID: 0}
  serializedVersion: 6
  m_Component:
  - component: {fileID: 4390352108063539}
  m_Layer: 10
  m_Name: Bip001 R UpperArm
  m_TagString: Untagged
  m_Icon: {fileID: 0}
  m_NavMeshLayer: 0
  m_StaticEditorFlags: 0
  m_IsActive: 1
--- !u!4 &4390352108063539
Transform:
  m_ObjectHideFlags: 0
  m_CorrespondingSourceObject: {fileID: 0}
  m_PrefabInstance: {fileID: 0}
  m_PrefabAsset: {fileID: 0}
  m_GameObject: {fileID: 1016381344798721}
  m_LocalRotation: {x: -0.05622808, y: 0.2639416, z: -0.06740848, w: 0.9605359}
  m_LocalPosition: {x: -0.1635932, y: 0, z: 0}
  m_LocalScale: {x: 1, y: 1, z: 1}
  m_Children:
  - {fileID: 4538660309998671}
  m_Father: {fileID: 4921488584687513}
  m_RootOrder: 0
  m_LocalEulerAnglesHint: {x: -9.541318, y: -29.96497, z: 10.5876}
--- !u!1 &1029242873619026
GameObject:
  m_ObjectHideFlags: 0
  m_CorrespondingSourceObject: {fileID: 0}
  m_PrefabInstance: {fileID: 0}
  m_PrefabAsset: {fileID: 0}
  serializedVersion: 6
  m_Component:
  - component: {fileID: 4669026615915883}
  m_Layer: 10
  m_Name: Bip001
  m_TagString: Untagged
  m_Icon: {fileID: 0}
  m_NavMeshLayer: 0
  m_StaticEditorFlags: 0
  m_IsActive: 1
--- !u!4 &4669026615915883
Transform:
  m_ObjectHideFlags: 0
  m_CorrespondingSourceObject: {fileID: 0}
  m_PrefabInstance: {fileID: 0}
  m_PrefabAsset: {fileID: 0}
  m_GameObject: {fileID: 1029242873619026}
  m_LocalRotation: {x: -0.5000004, y: 0.4999997, z: 0.4999997, w: 0.5000004}
  m_LocalPosition: {x: 0, y: 1.119415, z: -0.2062139}
  m_LocalScale: {x: 1, y: 1, z: 1}
  m_Children:
  - {fileID: 4932075932370820}
  - {fileID: 4394740605853108}
  m_Father: {fileID: 4895912209173174}
  m_RootOrder: 0
  m_LocalEulerAnglesHint: {x: -90, y: -89.99992, z: 0}
--- !u!1 &1032800871328916
GameObject:
  m_ObjectHideFlags: 0
  m_CorrespondingSourceObject: {fileID: 0}
  m_PrefabInstance: {fileID: 0}
  m_PrefabAsset: {fileID: 0}
  serializedVersion: 6
  m_Component:
  - component: {fileID: 4811509592024051}
  m_Layer: 10
  m_Name: Bip001 L Toe0
  m_TagString: Untagged
  m_Icon: {fileID: 0}
  m_NavMeshLayer: 0
  m_StaticEditorFlags: 0
  m_IsActive: 1
--- !u!4 &4811509592024051
Transform:
  m_ObjectHideFlags: 0
  m_CorrespondingSourceObject: {fileID: 0}
  m_PrefabInstance: {fileID: 0}
  m_PrefabAsset: {fileID: 0}
  m_GameObject: {fileID: 1032800871328916}
  m_LocalRotation: {x: 0.00000001545431, y: -0.00000001545431, z: -0.7071068, w: 0.7071068}
  m_LocalPosition: {x: -0.3878331, y: 0.5217322, z: 0}
  m_LocalScale: {x: 1, y: 1, z: 1}
  m_Children: []
  m_Father: {fileID: 4848264095245428}
  m_RootOrder: 0
  m_LocalEulerAnglesHint: {x: 0.000002504479, y: -1.895758e-22, z: 90}
--- !u!1 &1037656147783522
GameObject:
  m_ObjectHideFlags: 0
  m_CorrespondingSourceObject: {fileID: 0}
  m_PrefabInstance: {fileID: 0}
  m_PrefabAsset: {fileID: 0}
  serializedVersion: 6
  m_Component:
  - component: {fileID: 4308909180819215}
  m_Layer: 10
  m_Name: Bip001 R Thigh
  m_TagString: Untagged
  m_Icon: {fileID: 0}
  m_NavMeshLayer: 0
  m_StaticEditorFlags: 0
  m_IsActive: 1
--- !u!4 &4308909180819215
Transform:
  m_ObjectHideFlags: 0
  m_CorrespondingSourceObject: {fileID: 0}
  m_PrefabInstance: {fileID: 0}
  m_PrefabAsset: {fileID: 0}
  m_GameObject: {fileID: 1037656147783522}
  m_LocalRotation: {x: -0.0314328, y: 0.9739567, z: -0.1683412, w: -0.1485986}
  m_LocalPosition: {x: 0.09308612, y: 0.0004730225, z: -0.1612217}
  m_LocalScale: {x: 1, y: 1, z: 1}
  m_Children:
  - {fileID: 4059772731315453}
  m_Father: {fileID: 4028281980767577}
  m_RootOrder: 2
  m_LocalEulerAnglesHint: {x: -160.4908, y: 17.46001, z: 179.3274}
--- !u!1 &1063295688067589
GameObject:
  m_ObjectHideFlags: 0
  m_CorrespondingSourceObject: {fileID: 0}
  m_PrefabInstance: {fileID: 0}
  m_PrefabAsset: {fileID: 0}
  serializedVersion: 6
  m_Component:
  - component: {fileID: 4402322271283852}
  m_Layer: 10
  m_Name: Bip001 L Finger2
  m_TagString: Untagged
  m_Icon: {fileID: 0}
  m_NavMeshLayer: 0
  m_StaticEditorFlags: 0
  m_IsActive: 1
--- !u!4 &4402322271283852
Transform:
  m_ObjectHideFlags: 0
  m_CorrespondingSourceObject: {fileID: 0}
  m_PrefabInstance: {fileID: 0}
  m_PrefabAsset: {fileID: 0}
  m_GameObject: {fileID: 1063295688067589}
  m_LocalRotation: {x: -0.2481393, y: 0.0222256, z: -0.03786312, w: 0.967729}
  m_LocalPosition: {x: -0.3064525, y: 0.004849792, z: 0.1020001}
  m_LocalScale: {x: 0.9999999, y: 1, z: 0.9999999}
  m_Children:
  - {fileID: 4324400360840176}
  m_Father: {fileID: 4604775409443362}
  m_RootOrder: 2
  m_LocalEulerAnglesHint: {x: -28.82184, y: -1.388187, z: 4.837919}
--- !u!1 &1070892609870720
GameObject:
  m_ObjectHideFlags: 0
  m_CorrespondingSourceObject: {fileID: 0}
  m_PrefabInstance: {fileID: 0}
  m_PrefabAsset: {fileID: 0}
  serializedVersion: 6
  m_Component:
  - component: {fileID: 4157498766485138}
  m_Layer: 10
  m_Name: Hp
  m_TagString: Untagged
  m_Icon: {fileID: 0}
  m_NavMeshLayer: 0
  m_StaticEditorFlags: 0
  m_IsActive: 1
--- !u!4 &4157498766485138
Transform:
  m_ObjectHideFlags: 0
  m_CorrespondingSourceObject: {fileID: 0}
  m_PrefabInstance: {fileID: 0}
  m_PrefabAsset: {fileID: 0}
  m_GameObject: {fileID: 1070892609870720}
  m_LocalRotation: {x: 0, y: 0, z: 0, w: 1}
  m_LocalPosition: {x: 0, y: 3.45, z: -0.02}
  m_LocalScale: {x: 1, y: 1, z: 1}
  m_Children: []
  m_Father: {fileID: 4895912209173174}
  m_RootOrder: 8
  m_LocalEulerAnglesHint: {x: 0, y: 0, z: 0}
--- !u!1 &1085842345346157
GameObject:
  m_ObjectHideFlags: 0
  m_CorrespondingSourceObject: {fileID: 0}
  m_PrefabInstance: {fileID: 0}
  m_PrefabAsset: {fileID: 0}
  serializedVersion: 6
  m_Component:
  - component: {fileID: 4922407175066194}
  m_Layer: 10
  m_Name: Fly_1
  m_TagString: Untagged
  m_Icon: {fileID: 0}
  m_NavMeshLayer: 0
  m_StaticEditorFlags: 0
  m_IsActive: 1
--- !u!4 &4922407175066194
Transform:
  m_ObjectHideFlags: 0
  m_CorrespondingSourceObject: {fileID: 0}
  m_PrefabInstance: {fileID: 0}
  m_PrefabAsset: {fileID: 0}
  m_GameObject: {fileID: 1085842345346157}
  m_LocalRotation: {x: 0, y: 0, z: 0, w: 1}
  m_LocalPosition: {x: -0.7879999, y: 0.6759999, z: 1.685}
  m_LocalScale: {x: 1, y: 1, z: 1}
  m_Children: []
  m_Father: {fileID: 4895912209173174}
  m_RootOrder: 5
  m_LocalEulerAnglesHint: {x: 0, y: 0, z: 0}
--- !u!1 &1089443196244008
GameObject:
  m_ObjectHideFlags: 0
  m_CorrespondingSourceObject: {fileID: 0}
  m_PrefabInstance: {fileID: 0}
  m_PrefabAsset: {fileID: 0}
  serializedVersion: 6
  m_Component:
  - component: {fileID: 4617066628820669}
  m_Layer: 10
  m_Name: LeftFoot
  m_TagString: Untagged
  m_Icon: {fileID: 0}
  m_NavMeshLayer: 0
  m_StaticEditorFlags: 0
  m_IsActive: 1
--- !u!4 &4617066628820669
Transform:
  m_ObjectHideFlags: 0
  m_CorrespondingSourceObject: {fileID: 0}
  m_PrefabInstance: {fileID: 0}
  m_PrefabAsset: {fileID: 0}
  m_GameObject: {fileID: 1089443196244008}
  m_LocalRotation: {x: -0.01969691, y: -0.000001633428, z: -0.0000001995389, w: 0.999806}
  m_LocalPosition: {x: -0.1939165, y: 0.1956496, z: 0.0000001192093}
  m_LocalScale: {x: 0.9999998, y: 1, z: 1}
  m_Children: []
  m_Father: {fileID: 4848264095245428}
  m_RootOrder: 1
  m_LocalEulerAnglesHint: {x: -2.257245, y: 0.0001875911, z: 0.00001917423}
--- !u!1 &1099720604139415
GameObject:
  m_ObjectHideFlags: 0
  m_CorrespondingSourceObject: {fileID: 0}
  m_PrefabInstance: {fileID: 0}
  m_PrefabAsset: {fileID: 0}
  serializedVersion: 6
  m_Component:
  - component: {fileID: 4037656490587845}
  m_Layer: 10
  m_Name: Bip001 R Finger2
  m_TagString: Untagged
  m_Icon: {fileID: 0}
  m_NavMeshLayer: 0
  m_StaticEditorFlags: 0
  m_IsActive: 1
--- !u!4 &4037656490587845
Transform:
  m_ObjectHideFlags: 0
  m_CorrespondingSourceObject: {fileID: 0}
  m_PrefabInstance: {fileID: 0}
  m_PrefabAsset: {fileID: 0}
  m_GameObject: {fileID: 1099720604139415}
  m_LocalRotation: {x: 0.2481393, y: -0.02222559, z: -0.03786309, w: 0.967729}
  m_LocalPosition: {x: -0.3064523, y: 0.004849911, z: -0.1020001}
  m_LocalScale: {x: 0.9999999, y: 1, z: 0.9999999}
  m_Children:
  - {fileID: 4461696659144705}
  m_Father: {fileID: 4509256327935050}
  m_RootOrder: 2
  m_LocalEulerAnglesHint: {x: 28.82184, y: 1.388186, z: 4.837915}
--- !u!1 &1123102871312020
GameObject:
  m_ObjectHideFlags: 0
  m_CorrespondingSourceObject: {fileID: 0}
  m_PrefabInstance: {fileID: 0}
  m_PrefabAsset: {fileID: 0}
  serializedVersion: 6
  m_Component:
  - component: {fileID: 4214156730053702}
  m_Layer: 10
  m_Name: Bip001 L Clavicle
  m_TagString: Untagged
  m_Icon: {fileID: 0}
  m_NavMeshLayer: 0
  m_StaticEditorFlags: 0
  m_IsActive: 1
--- !u!4 &4214156730053702
Transform:
  m_ObjectHideFlags: 0
  m_CorrespondingSourceObject: {fileID: 0}
  m_PrefabInstance: {fileID: 0}
  m_PrefabAsset: {fileID: 0}
  m_GameObject: {fileID: 1123102871312020}
  m_LocalRotation: {x: -0.7071019, y: -0.002645569, z: 0.7071019, w: -0.002643498}
  m_LocalPosition: {x: 0.1822672, y: 0.01374747, z: 0.2283613}
  m_LocalScale: {x: 1, y: 1, z: 1}
  m_Children:
  - {fileID: 4943713790834189}
  m_Father: {fileID: 4708485351913630}
  m_RootOrder: 1
  m_LocalEulerAnglesHint: {x: -90.4013, y: -89.99983, z: -90.4013}
--- !u!1 &1138159361298835
GameObject:
  m_ObjectHideFlags: 0
  m_CorrespondingSourceObject: {fileID: 0}
  m_PrefabInstance: {fileID: 0}
  m_PrefabAsset: {fileID: 0}
  serializedVersion: 6
  m_Component:
  - component: {fileID: 4591991359178808}
  - component: {fileID: 137639373066314788}
  m_Layer: 10
  m_Name: Ms_020hhjs_0
  m_TagString: Untagged
  m_Icon: {fileID: 0}
  m_NavMeshLayer: 0
  m_StaticEditorFlags: 0
  m_IsActive: 1
--- !u!4 &4591991359178808
Transform:
  m_ObjectHideFlags: 0
  m_CorrespondingSourceObject: {fileID: 0}
  m_PrefabInstance: {fileID: 0}
  m_PrefabAsset: {fileID: 0}
  m_GameObject: {fileID: 1138159361298835}
  m_LocalRotation: {x: -0.7071068, y: 0, z: 0, w: 0.7071068}
  m_LocalPosition: {x: 0, y: 0, z: 0}
  m_LocalScale: {x: 1, y: 1, z: 1}
  m_Children: []
  m_Father: {fileID: 4895912209173174}
  m_RootOrder: 3
  m_LocalEulerAnglesHint: {x: -90, y: 0, z: 0}
--- !u!137 &137639373066314788
SkinnedMeshRenderer:
  m_ObjectHideFlags: 0
  m_CorrespondingSourceObject: {fileID: 0}
  m_PrefabInstance: {fileID: 0}
  m_PrefabAsset: {fileID: 0}
  m_GameObject: {fileID: 1138159361298835}
  m_Enabled: 1
  m_CastShadows: 1
  m_ReceiveShadows: 0
  m_DynamicOccludee: 1
  m_MotionVectors: 1
  m_LightProbeUsage: 1
  m_ReflectionProbeUsage: 1
  m_RayTracingMode: 3
  m_RayTraceProcedural: 0
  m_RenderingLayerMask: 4294967295
  m_RendererPriority: 0
  m_Materials:
  - {fileID: 2100000, guid: a3abb625e48e74944bb86323dd1b3d8a, type: 2}
  m_StaticBatchInfo:
    firstSubMesh: 0
    subMeshCount: 0
  m_StaticBatchRoot: {fileID: 0}
  m_ProbeAnchor: {fileID: 0}
  m_LightProbeVolumeOverride: {fileID: 0}
  m_ScaleInLightmap: 1
  m_ReceiveGI: 1
  m_PreserveUVs: 0
  m_IgnoreNormalsForChartDetection: 0
  m_ImportantGI: 0
  m_StitchLightmapSeams: 0
  m_SelectedEditorRenderState: 3
  m_MinimumChartSize: 4
  m_AutoUVMaxDistance: 0.5
  m_AutoUVMaxAngle: 89
  m_LightmapParameters: {fileID: 0}
  m_SortingLayerID: 0
  m_SortingLayer: 0
  m_SortingOrder: 0
  serializedVersion: 2
  m_Quality: 4
  m_UpdateWhenOffscreen: 0
  m_SkinnedMotionVectors: 1
  m_Mesh: {fileID: 4300000, guid: e99b8545e8bc6d148b73054b9c033b17, type: 2}
  m_Bones:
  - {fileID: 4028281980767577}
  - {fileID: 4932075932370820}
  - {fileID: 4390352108063539}
  - {fileID: 4943713790834189}
  - {fileID: 4394740605853108}
  - {fileID: 4140409295310547}
  - {fileID: 4136876254615656}
  - {fileID: 4308909180819215}
  - {fileID: 4538660309998671}
  - {fileID: 4509256327935050}
  - {fileID: 4669452905721221}
  - {fileID: 4876623618442744}
  - {fileID: 4037656490587845}
  - {fileID: 4059772731315453}
  - {fileID: 4616107730188725}
  - {fileID: 4899867186544807}
  - {fileID: 4314330716235680}
  - {fileID: 4888606212852612}
  - {fileID: 4461696659144705}
  - {fileID: 4812243032889790}
  - {fileID: 4560253950513616}
  - {fileID: 4604775409443362}
  - {fileID: 4744479657430347}
  - {fileID: 4359198300775461}
  - {fileID: 4402322271283852}
  - {fileID: 4027960621928686}
  - {fileID: 4848264095245428}
  - {fileID: 4811509592024051}
  - {fileID: 4060309697025768}
  - {fileID: 4549000401407499}
  - {fileID: 4324400360840176}
  - {fileID: 4848957337984211}
  m_BlendShapeWeights: []
  m_RootBone: {fileID: 4932075932370820}
  m_AABB:
    m_Center: {x: -0.4093261, y: 0.1637262, z: 0.2653272}
    m_Extent: {x: 1.508196, y: 0.7416468, z: 1.666578}
  m_DirtyAABB: 0
--- !u!1 &1177501764705545
GameObject:
  m_ObjectHideFlags: 0
  m_CorrespondingSourceObject: {fileID: 0}
  m_PrefabInstance: {fileID: 0}
  m_PrefabAsset: {fileID: 0}
  serializedVersion: 6
  m_Component:
  - component: {fileID: 4943713790834189}
  m_Layer: 10
  m_Name: Bip001 L UpperArm
  m_TagString: Untagged
  m_Icon: {fileID: 0}
  m_NavMeshLayer: 0
  m_StaticEditorFlags: 0
  m_IsActive: 1
--- !u!4 &4943713790834189
Transform:
  m_ObjectHideFlags: 0
  m_CorrespondingSourceObject: {fileID: 0}
  m_PrefabInstance: {fileID: 0}
  m_PrefabAsset: {fileID: 0}
  m_GameObject: {fileID: 1177501764705545}
  m_LocalRotation: {x: 0.05622806, y: -0.2639417, z: -0.06740847, w: 0.9605359}
  m_LocalPosition: {x: -0.1635932, y: 0.00000001490116, z: 0}
  m_LocalScale: {x: 1, y: 1, z: 1}
  m_Children:
  - {fileID: 4560253950513616}
  m_Father: {fileID: 4214156730053702}
  m_RootOrder: 0
  m_LocalEulerAnglesHint: {x: 9.541317, y: 29.96497, z: 10.58759}
--- !u!1 &1219825109673374
GameObject:
  m_ObjectHideFlags: 0
  m_CorrespondingSourceObject: {fileID: 0}
  m_PrefabInstance: {fileID: 0}
  m_PrefabAsset: {fileID: 0}
  serializedVersion: 6
  m_Component:
  - component: {fileID: 4876623618442744}
  m_Layer: 10
  m_Name: Bip001 R Finger0
  m_TagString: Untagged
  m_Icon: {fileID: 0}
  m_NavMeshLayer: 0
  m_StaticEditorFlags: 0
  m_IsActive: 1
--- !u!4 &4876623618442744
Transform:
  m_ObjectHideFlags: 0
  m_CorrespondingSourceObject: {fileID: 0}
  m_PrefabInstance: {fileID: 0}
  m_PrefabAsset: {fileID: 0}
  m_GameObject: {fileID: 1219825109673374}
  m_LocalRotation: {x: -0.3690425, y: 0.3424744, z: 0.0105048, w: 0.8639494}
  m_LocalPosition: {x: -0.04386342, y: 0.03126287, z: 0.0928008}
  m_LocalScale: {x: 0.9999999, y: 0.9999999, z: 0.9999999}
  m_Children:
  - {fileID: 4314330716235680}
  m_Father: {fileID: 4509256327935050}
  m_RootOrder: 0
  m_LocalEulerAnglesHint: {x: -51.97414, y: -36.83514, z: 17.04644}
--- !u!1 &1224579753035809
GameObject:
  m_ObjectHideFlags: 0
  m_CorrespondingSourceObject: {fileID: 0}
  m_PrefabInstance: {fileID: 0}
  m_PrefabAsset: {fileID: 0}
  serializedVersion: 6
  m_Component:
  - component: {fileID: 4136876254615656}
  m_Layer: 10
  m_Name: Bip001 L Thigh
  m_TagString: Untagged
  m_Icon: {fileID: 0}
  m_NavMeshLayer: 0
  m_StaticEditorFlags: 0
  m_IsActive: 1
--- !u!4 &4136876254615656
Transform:
  m_ObjectHideFlags: 0
  m_CorrespondingSourceObject: {fileID: 0}
  m_PrefabInstance: {fileID: 0}
  m_PrefabAsset: {fileID: 0}
  m_GameObject: {fileID: 1224579753035809}
  m_LocalRotation: {x: -0.03143243, y: 0.9739563, z: 0.1683438, w: 0.1485986}
  m_LocalPosition: {x: 0.09308612, y: 0.0004721284, z: 0.1612217}
  m_LocalScale: {x: 1, y: 1, z: 1}
  m_Children:
  - {fileID: 4027960621928686}
  m_Father: {fileID: 4028281980767577}
  m_RootOrder: 0
  m_LocalEulerAnglesHint: {x: 160.4904, y: -17.46, z: 179.3275}
--- !u!1 &1263012945283702
GameObject:
  m_ObjectHideFlags: 0
  m_CorrespondingSourceObject: {fileID: 0}
  m_PrefabInstance: {fileID: 0}
  m_PrefabAsset: {fileID: 0}
  serializedVersion: 6
  m_Component:
  - component: {fileID: 4461696659144705}
  m_Layer: 10
  m_Name: Bip001 R Finger21
  m_TagString: Untagged
  m_Icon: {fileID: 0}
  m_NavMeshLayer: 0
  m_StaticEditorFlags: 0
  m_IsActive: 1
--- !u!4 &4461696659144705
Transform:
  m_ObjectHideFlags: 0
  m_CorrespondingSourceObject: {fileID: 0}
  m_PrefabInstance: {fileID: 0}
  m_PrefabAsset: {fileID: 0}
  m_GameObject: {fileID: 1263012945283702}
  m_LocalRotation: {x: -0.0000000152304, y: 0.00000001456449, z: 0.02234413, w: 0.9997504}
  m_LocalPosition: {x: -0.1435589, y: -0.0000001192093, z: 0}
  m_LocalScale: {x: 1, y: 1, z: 1}
  m_Children: []
  m_Father: {fileID: 4037656490587845}
  m_RootOrder: 0
  m_LocalEulerAnglesHint: {x: -0.000001707547, y: -0.000001707547, z: -2.560662}
--- !u!1 &1268333011901771
GameObject:
  m_ObjectHideFlags: 0
  m_CorrespondingSourceObject: {fileID: 0}
  m_PrefabInstance: {fileID: 0}
  m_PrefabAsset: {fileID: 0}
  serializedVersion: 6
  m_Component:
  - component: {fileID: 4538660309998671}
  m_Layer: 10
  m_Name: Bip001 R Forearm
  m_TagString: Untagged
  m_Icon: {fileID: 0}
  m_NavMeshLayer: 0
  m_StaticEditorFlags: 0
  m_IsActive: 1
--- !u!4 &4538660309998671
Transform:
  m_ObjectHideFlags: 0
  m_CorrespondingSourceObject: {fileID: 0}
  m_PrefabInstance: {fileID: 0}
  m_PrefabAsset: {fileID: 0}
  m_GameObject: {fileID: 1268333011901771}
  m_LocalRotation: {x: -0.000000004474101, y: 0.00000002952339, z: 0.08786764, w: 0.9961322}
  m_LocalPosition: {x: -0.2441463, y: 0, z: 0.0000001192093}
  m_LocalScale: {x: 0.9999999, y: 0.9999999, z: 1}
  m_Children:
  - {fileID: 4509256327935050}
  m_Father: {fileID: 4390352108063539}
  m_RootOrder: 0
  m_LocalEulerAnglesHint: {x: -0.0000002134434, y: -0.000003415095, z: -10.08189}
--- !u!1 &1289297698733462
GameObject:
  m_ObjectHideFlags: 0
  m_CorrespondingSourceObject: {fileID: 0}
  m_PrefabInstance: {fileID: 0}
  m_PrefabAsset: {fileID: 0}
  serializedVersion: 6
  m_Component:
  - component: {fileID: 4394740605853108}
  m_Layer: 10
  m_Name: Bip001 Prop2
  m_TagString: Untagged
  m_Icon: {fileID: 0}
  m_NavMeshLayer: 0
  m_StaticEditorFlags: 0
  m_IsActive: 1
--- !u!4 &4394740605853108
Transform:
  m_ObjectHideFlags: 0
  m_CorrespondingSourceObject: {fileID: 0}
  m_PrefabInstance: {fileID: 0}
  m_PrefabAsset: {fileID: 0}
  m_GameObject: {fileID: 1289297698733462}
  m_LocalRotation: {x: 1, y: 0, z: 0, w: -0.0000001331581}
  m_LocalPosition: {x: -0.110873, y: 1.780771, z: -0.2065693}
  m_LocalScale: {x: 1, y: 1, z: 1}
  m_Children:
  - {fileID: 4542031640222553}
  m_Father: {fileID: 4669026615915883}
  m_RootOrder: 1
  m_LocalEulerAnglesHint: {x: -180, y: 0, z: 0}
--- !u!1 &1313205764654021
GameObject:
  m_ObjectHideFlags: 0
  m_CorrespondingSourceObject: {fileID: 0}
  m_PrefabInstance: {fileID: 0}
  m_PrefabAsset: {fileID: 0}
  serializedVersion: 6
  m_Component:
  - component: {fileID: 4059772731315453}
  m_Layer: 10
  m_Name: Bip001 R Calf
  m_TagString: Untagged
  m_Icon: {fileID: 0}
  m_NavMeshLayer: 0
  m_StaticEditorFlags: 0
  m_IsActive: 1
--- !u!4 &4059772731315453
Transform:
  m_ObjectHideFlags: 0
  m_CorrespondingSourceObject: {fileID: 0}
  m_PrefabInstance: {fileID: 0}
  m_PrefabAsset: {fileID: 0}
  m_GameObject: {fileID: 1313205764654021}
  m_LocalRotation: {x: -0.000000001121171, y: 0.00000004503742, z: 0.1486907, w: 0.9888838}
  m_LocalPosition: {x: -0.4410144, y: -0.000000007450581, z: 0}
  m_LocalScale: {x: 1, y: 1, z: 1}
  m_Children:
  - {fileID: 4616107730188725}
  m_Father: {fileID: 4308909180819215}
  m_RootOrder: 0
  m_LocalEulerAnglesHint: {x: 0.0000006403303, y: -0.000005122642, z: -17.10211}
--- !u!1 &1360962867353418
GameObject:
  m_ObjectHideFlags: 0
  m_CorrespondingSourceObject: {fileID: 0}
  m_PrefabInstance: {fileID: 0}
  m_PrefabAsset: {fileID: 0}
  serializedVersion: 6
  m_Component:
  - component: {fileID: 4542031640222553}
  m_Layer: 10
  m_Name: LeftWeapon
  m_TagString: Untagged
  m_Icon: {fileID: 0}
  m_NavMeshLayer: 0
  m_StaticEditorFlags: 0
  m_IsActive: 1
--- !u!4 &4542031640222553
Transform:
  m_ObjectHideFlags: 0
  m_CorrespondingSourceObject: {fileID: 0}
  m_PrefabInstance: {fileID: 0}
  m_PrefabAsset: {fileID: 0}
  m_GameObject: {fileID: 1360962867353418}
  m_LocalRotation: {x: 0.0000005215408, y: -0.00000001490078, z: 0.0000004898751,
    w: 1}
  m_LocalPosition: {x: -0.6766758, y: -0.0000004768372, z: 0.5248086}
  m_LocalScale: {x: 1, y: 0.9999998, z: 1}
  m_Children: []
  m_Father: {fileID: 4394740605853108}
  m_RootOrder: 0
  m_LocalEulerAnglesHint: {x: 0.00005976417, y: 0.000001707533, z: -0.00005613555}
--- !u!1 &1369098423421520
GameObject:
  m_ObjectHideFlags: 0
  m_CorrespondingSourceObject: {fileID: 0}
  m_PrefabInstance: {fileID: 0}
  m_PrefabAsset: {fileID: 0}
  serializedVersion: 6
  m_Component:
  - component: {fileID: 4921488584687513}
  m_Layer: 10
  m_Name: Bip001 R Clavicle
  m_TagString: Untagged
  m_Icon: {fileID: 0}
  m_NavMeshLayer: 0
  m_StaticEditorFlags: 0
  m_IsActive: 1
--- !u!4 &4921488584687513
Transform:
  m_ObjectHideFlags: 0
  m_CorrespondingSourceObject: {fileID: 0}
  m_PrefabInstance: {fileID: 0}
  m_PrefabAsset: {fileID: 0}
  m_GameObject: {fileID: 1369098423421520}
  m_LocalRotation: {x: 0.7071018, y: 0.002643498, z: 0.7071019, w: -0.002645569}
  m_LocalPosition: {x: 0.1822672, y: 0.01374881, z: -0.2283614}
  m_LocalScale: {x: 1, y: 1, z: 1}
  m_Children:
  - {fileID: 4390352108063539}
  m_Father: {fileID: 4708485351913630}
  m_RootOrder: 2
  m_LocalEulerAnglesHint: {x: -89.00679, y: 89.99983, z: 92.30328}
--- !u!1 &1374311210067522
GameObject:
  m_ObjectHideFlags: 0
  m_CorrespondingSourceObject: {fileID: 0}
  m_PrefabInstance: {fileID: 0}
  m_PrefabAsset: {fileID: 0}
  serializedVersion: 6
  m_Component:
  - component: {fileID: 4502686580451278}
  m_Layer: 10
  m_Name: Fly_Head
  m_TagString: Untagged
  m_Icon: {fileID: 0}
  m_NavMeshLayer: 0
  m_StaticEditorFlags: 0
  m_IsActive: 1
--- !u!4 &4502686580451278
Transform:
  m_ObjectHideFlags: 0
  m_CorrespondingSourceObject: {fileID: 0}
  m_PrefabInstance: {fileID: 0}
  m_PrefabAsset: {fileID: 0}
  m_GameObject: {fileID: 1374311210067522}
  m_LocalRotation: {x: 0, y: 0, z: 0, w: 1}
  m_LocalPosition: {x: 0, y: 3.09, z: -0.02}
  m_LocalScale: {x: 1, y: 1, z: 1}
  m_Children: []
  m_Father: {fileID: 4895912209173174}
  m_RootOrder: 7
  m_LocalEulerAnglesHint: {x: 0, y: 0, z: 0}
--- !u!1 &1394037569100796
GameObject:
  m_ObjectHideFlags: 0
  m_CorrespondingSourceObject: {fileID: 0}
  m_PrefabInstance: {fileID: 0}
  m_PrefabAsset: {fileID: 0}
  serializedVersion: 6
  m_Component:
  - component: {fileID: 4549000401407499}
  m_Layer: 10
  m_Name: Bip001 L Finger11
  m_TagString: Untagged
  m_Icon: {fileID: 0}
  m_NavMeshLayer: 0
  m_StaticEditorFlags: 0
  m_IsActive: 1
--- !u!4 &4549000401407499
Transform:
  m_ObjectHideFlags: 0
  m_CorrespondingSourceObject: {fileID: 0}
  m_PrefabInstance: {fileID: 0}
  m_PrefabAsset: {fileID: 0}
  m_GameObject: {fileID: 1394037569100796}
  m_LocalRotation: {x: 3.534601e-11, y: -0.00000000186231, z: 0.01897625, w: 0.9998199}
  m_LocalPosition: {x: -0.1611915, y: 0, z: 0}
  m_LocalScale: {x: 1, y: 0.9999999, z: 0.9999999}
  m_Children: []
  m_Father: {fileID: 4744479657430347}
  m_RootOrder: 0
  m_LocalEulerAnglesHint: {x: -1.560778e-16, y: 0.0000002134434, z: -2.174648}
--- !u!1 &1471129524706183
GameObject:
  m_ObjectHideFlags: 0
  m_CorrespondingSourceObject: {fileID: 0}
  m_PrefabInstance: {fileID: 0}
  m_PrefabAsset: {fileID: 0}
  serializedVersion: 6
  m_Component:
  - component: {fileID: 4616107730188725}
  m_Layer: 10
  m_Name: Bip001 R Foot
  m_TagString: Untagged
  m_Icon: {fileID: 0}
  m_NavMeshLayer: 0
  m_StaticEditorFlags: 0
  m_IsActive: 1
--- !u!4 &4616107730188725
Transform:
  m_ObjectHideFlags: 0
  m_CorrespondingSourceObject: {fileID: 0}
  m_PrefabInstance: {fileID: 0}
  m_PrefabAsset: {fileID: 0}
  m_GameObject: {fileID: 1471129524706183}
  m_LocalRotation: {x: -0.04129252, y: -0.137722, z: -0.09454046, w: 0.9850836}
  m_LocalPosition: {x: -0.3073695, y: 0.00000002980232, z: 0}
  m_LocalScale: {x: 1, y: 1, z: 1}
  m_Children:
  - {fileID: 4899867186544807}
  - {fileID: 4297081270308533}
  m_Father: {fileID: 4059772731315453}
  m_RootOrder: 0
  m_LocalEulerAnglesHint: {x: -3.302196, y: 16.20906, z: 10.49364}
--- !u!1 &1486527170393956
GameObject:
  m_ObjectHideFlags: 0
  m_CorrespondingSourceObject: {fileID: 0}
  m_PrefabInstance: {fileID: 0}
  m_PrefabAsset: {fileID: 0}
  serializedVersion: 6
  m_Component:
  - component: {fileID: 4607302604694073}
  m_Layer: 10
  m_Name: Head
  m_TagString: Untagged
  m_Icon: {fileID: 0}
  m_NavMeshLayer: 0
  m_StaticEditorFlags: 0
  m_IsActive: 1
--- !u!4 &4607302604694073
Transform:
  m_ObjectHideFlags: 0
  m_CorrespondingSourceObject: {fileID: 0}
  m_PrefabInstance: {fileID: 0}
  m_PrefabAsset: {fileID: 0}
  m_GameObject: {fileID: 1486527170393956}
  m_LocalRotation: {x: 0.504586, y: -0.5003644, z: -0.4983808, w: -0.4966337}
  m_LocalPosition: {x: -1.496515, y: -0.0132705, z: 0}
  m_LocalScale: {x: 1, y: 1, z: 0.9999999}
  m_Children: []
  m_Father: {fileID: 4140409295310547}
  m_RootOrder: 0
  m_LocalEulerAnglesHint: {x: -166.1863, y: -89.41332, z: 75.84435}
--- !u!1 &1492831361952408
GameObject:
  m_ObjectHideFlags: 0
  m_CorrespondingSourceObject: {fileID: 0}
  m_PrefabInstance: {fileID: 0}
  m_PrefabAsset: {fileID: 0}
  serializedVersion: 6
  m_Component:
  - component: {fileID: 4060309697025768}
  m_Layer: 10
  m_Name: Bip001 L Finger01
  m_TagString: Untagged
  m_Icon: {fileID: 0}
  m_NavMeshLayer: 0
  m_StaticEditorFlags: 0
  m_IsActive: 1
--- !u!4 &4060309697025768
Transform:
  m_ObjectHideFlags: 0
  m_CorrespondingSourceObject: {fileID: 0}
  m_PrefabInstance: {fileID: 0}
  m_PrefabAsset: {fileID: 0}
  m_GameObject: {fileID: 1492831361952408}
  m_LocalRotation: {x: 0.00000001359514, y: 0.000000002988781, z: -0.02857523, w: 0.9995916}
  m_LocalPosition: {x: -0.1981183, y: -0.00000005960464, z: 0.00000005960464}
  m_LocalScale: {x: 1, y: 0.9999999, z: 1}
  m_Children:
  - {fileID: 4848957337984211}
  m_Father: {fileID: 4359198300775461}
  m_RootOrder: 0
  m_LocalEulerAnglesHint: {x: 0.000001547465, y: -0.0000003868662, z: 3.274926}
--- !u!1 &1507584837494174
GameObject:
  m_ObjectHideFlags: 0
  m_CorrespondingSourceObject: {fileID: 0}
  m_PrefabInstance: {fileID: 0}
  m_PrefabAsset: {fileID: 0}
  serializedVersion: 6
  m_Component:
  - component: {fileID: 4895912209173174}
  - component: {fileID: 95344542763276757}
  m_Layer: 10
  m_Name: model513
  m_TagString: Untagged
  m_Icon: {fileID: 0}
  m_NavMeshLayer: 0
  m_StaticEditorFlags: 0
  m_IsActive: 1
--- !u!4 &4895912209173174
Transform:
  m_ObjectHideFlags: 0
  m_CorrespondingSourceObject: {fileID: 0}
  m_PrefabInstance: {fileID: 0}
  m_PrefabAsset: {fileID: 0}
  m_GameObject: {fileID: 1507584837494174}
  m_LocalRotation: {x: 0, y: 0, z: 0, w: 1}
  m_LocalPosition: {x: 0, y: 0, z: 0}
  m_LocalScale: {x: 1.2, y: 1.2, z: 1.2}
  m_Children:
  - {fileID: 4669026615915883}
  - {fileID: 4788486950954407}
  - {fileID: 4363362781956401}
  - {fileID: 4591991359178808}
  - {fileID: 4171930847575194}
  - {fileID: 4922407175066194}
  - {fileID: 4208301519650573}
  - {fileID: 4502686580451278}
  - {fileID: 4157498766485138}
  - {fileID: 4094502873786459}
  - {fileID: 4394778636474153}
  - {fileID: 4705187365825349}
  m_Father: {fileID: 0}
  m_RootOrder: 0
  m_LocalEulerAnglesHint: {x: 0, y: 0, z: 0}
--- !u!95 &95344542763276757
Animator:
  serializedVersion: 3
  m_ObjectHideFlags: 0
  m_CorrespondingSourceObject: {fileID: 0}
  m_PrefabInstance: {fileID: 0}
  m_PrefabAsset: {fileID: 0}
  m_GameObject: {fileID: 1507584837494174}
  m_Enabled: 1
  m_Avatar: {fileID: 9000000, guid: d1cc4b4ef2ecfb4478e73fa7b5f474a6, type: 2}
  m_Controller: {fileID: 22100000, guid: 58ca7baa02fa8804aaa6258a6da3067d, type: 2}
  m_CullingMode: 0
  m_UpdateMode: 0
  m_ApplyRootMotion: 0
  m_LinearVelocityBlending: 0
  m_WarningMessage: 
  m_HasTransformHierarchy: 1
  m_AllowConstantClipSamplingOptimization: 1
  m_KeepAnimatorControllerStateOnDisable: 0
--- !u!1 &1507955889410210
GameObject:
  m_ObjectHideFlags: 0
  m_CorrespondingSourceObject: {fileID: 0}
  m_PrefabInstance: {fileID: 0}
  m_PrefabAsset: {fileID: 0}
  serializedVersion: 6
  m_Component:
  - component: {fileID: 4906327636594375}
  m_Layer: 10
  m_Name: RightWeapon
  m_TagString: Untagged
  m_Icon: {fileID: 0}
  m_NavMeshLayer: 0
  m_StaticEditorFlags: 0
  m_IsActive: 1
--- !u!4 &4906327636594375
Transform:
  m_ObjectHideFlags: 0
  m_CorrespondingSourceObject: {fileID: 0}
  m_PrefabInstance: {fileID: 0}
  m_PrefabAsset: {fileID: 0}
  m_GameObject: {fileID: 1507955889410210}
  m_LocalRotation: {x: -0.00000003911557, y: -0.00000007264317, z: -0.00000008940698,
    w: 1}
  m_LocalPosition: {x: -0.136703, y: -0.0000001192093, z: -0.0000002980232}
  m_LocalScale: {x: 0.9999999, y: 0.9999997, z: 0.9999999}
  m_Children: []
  m_Father: {fileID: 4509256327935050}
  m_RootOrder: 3
  m_LocalEulerAnglesHint: {x: -0.000004482313, y: 0.000008324294, z: 0.00001024529}
--- !u!1 &1522072632395244
GameObject:
  m_ObjectHideFlags: 0
  m_CorrespondingSourceObject: {fileID: 0}
  m_PrefabInstance: {fileID: 0}
  m_PrefabAsset: {fileID: 0}
  serializedVersion: 6
  m_Component:
  - component: {fileID: 4027960621928686}
  m_Layer: 10
  m_Name: Bip001 L Calf
  m_TagString: Untagged
  m_Icon: {fileID: 0}
  m_NavMeshLayer: 0
  m_StaticEditorFlags: 0
  m_IsActive: 1
--- !u!4 &4027960621928686
Transform:
  m_ObjectHideFlags: 0
  m_CorrespondingSourceObject: {fileID: 0}
  m_PrefabInstance: {fileID: 0}
  m_PrefabAsset: {fileID: 0}
  m_GameObject: {fileID: 1522072632395244}
  m_LocalRotation: {x: -0.00000001951389, y: -0.00000003307148, z: 0.1486906, w: 0.9888838}
  m_LocalPosition: {x: -0.4410144, y: 0.000000007450581, z: 0}
  m_LocalScale: {x: 1, y: 1, z: 1}
  m_Children:
  - {fileID: 4848264095245428}
  m_Father: {fileID: 4136876254615656}
  m_RootOrder: 0
  m_LocalEulerAnglesHint: {x: -0.000002774764, y: 0.000003415094, z: -17.10211}
--- !u!1 &1537275680207977
GameObject:
  m_ObjectHideFlags: 0
  m_CorrespondingSourceObject: {fileID: 0}
  m_PrefabInstance: {fileID: 0}
  m_PrefabAsset: {fileID: 0}
  serializedVersion: 6
  m_Component:
  - component: {fileID: 4705187365825349}
  m_Layer: 10
  m_Name: Chest_in
  m_TagString: Untagged
  m_Icon: {fileID: 0}
  m_NavMeshLayer: 0
  m_StaticEditorFlags: 0
  m_IsActive: 1
--- !u!4 &4705187365825349
Transform:
  m_ObjectHideFlags: 0
  m_CorrespondingSourceObject: {fileID: 0}
  m_PrefabInstance: {fileID: 0}
  m_PrefabAsset: {fileID: 0}
  m_GameObject: {fileID: 1537275680207977}
  m_LocalRotation: {x: 0.00000008146034, y: 0, z: 0, w: 1}
  m_LocalPosition: {x: 0, y: 1.4, z: 0}
  m_LocalScale: {x: 1, y: 1, z: 1}
  m_Children: []
  m_Father: {fileID: 4895912209173174}
  m_RootOrder: 11
  m_LocalEulerAnglesHint: {x: 0.000009334668, y: 0, z: 0}
--- !u!1 &1546193658611271
GameObject:
  m_ObjectHideFlags: 0
  m_CorrespondingSourceObject: {fileID: 0}
  m_PrefabInstance: {fileID: 0}
  m_PrefabAsset: {fileID: 0}
  serializedVersion: 6
  m_Component:
  - component: {fileID: 4848957337984211}
  m_Layer: 10
  m_Name: Bip001 L Finger02
  m_TagString: Untagged
  m_Icon: {fileID: 0}
  m_NavMeshLayer: 0
  m_StaticEditorFlags: 0
  m_IsActive: 1
--- !u!4 &4848957337984211
Transform:
  m_ObjectHideFlags: 0
  m_CorrespondingSourceObject: {fileID: 0}
  m_PrefabInstance: {fileID: 0}
  m_PrefabAsset: {fileID: 0}
  m_GameObject: {fileID: 1546193658611271}
  m_LocalRotation: {x: 0.0000000055608, y: 0.000000001086003, z: 0.06146638, w: 0.9981092}
  m_LocalPosition: {x: -0.1055993, y: 0.0000001192093, z: 0}
  m_LocalScale: {x: 1, y: 1, z: 1}
  m_Children: []
  m_Father: {fileID: 4060309697025768}
  m_RootOrder: 0
  m_LocalEulerAnglesHint: {x: 0.0000006436652, y: -0.00000008504386, z: -7.047972}
--- !u!1 &1565596506667434
GameObject:
  m_ObjectHideFlags: 0
  m_CorrespondingSourceObject: {fileID: 0}
  m_PrefabInstance: {fileID: 0}
  m_PrefabAsset: {fileID: 0}
  serializedVersion: 6
  m_Component:
  - component: {fileID: 4932075932370820}
  m_Layer: 10
  m_Name: Bip001 Pelvis
  m_TagString: Untagged
  m_Icon: {fileID: 0}
  m_NavMeshLayer: 0
  m_StaticEditorFlags: 0
  m_IsActive: 1
--- !u!4 &4932075932370820
Transform:
  m_ObjectHideFlags: 0
  m_CorrespondingSourceObject: {fileID: 0}
  m_PrefabInstance: {fileID: 0}
  m_PrefabAsset: {fileID: 0}
  m_GameObject: {fileID: 1565596506667434}
  m_LocalRotation: {x: -0.5, y: 0.5, z: 0.4999993, w: 0.5000007}
  m_LocalPosition: {x: 0, y: 0, z: 0}
  m_LocalScale: {x: 1, y: 1, z: 1}
  m_Children:
  - {fileID: 4028281980767577}
  m_Father: {fileID: 4669026615915883}
  m_RootOrder: 0
  m_LocalEulerAnglesHint: {x: -89.99992, y: -89.99992, z: 0}
--- !u!1 &1578789728870954
GameObject:
  m_ObjectHideFlags: 0
  m_CorrespondingSourceObject: {fileID: 0}
  m_PrefabInstance: {fileID: 0}
  m_PrefabAsset: {fileID: 0}
  serializedVersion: 6
  m_Component:
  - component: {fileID: 4788486950954407}
  m_Layer: 10
  m_Name: Chest
  m_TagString: Untagged
  m_Icon: {fileID: 0}
  m_NavMeshLayer: 0
  m_StaticEditorFlags: 0
  m_IsActive: 1
--- !u!4 &4788486950954407
Transform:
  m_ObjectHideFlags: 0
  m_CorrespondingSourceObject: {fileID: 0}
  m_PrefabInstance: {fileID: 0}
  m_PrefabAsset: {fileID: 0}
  m_GameObject: {fileID: 1578789728870954}
  m_LocalRotation: {x: 0.00000008146034, y: 0, z: 0, w: 1}
  m_LocalPosition: {x: 0, y: 1.462084, z: 0.34}
  m_LocalScale: {x: 1, y: 1, z: 1}
  m_Children: []
  m_Father: {fileID: 4895912209173174}
  m_RootOrder: 1
  m_LocalEulerAnglesHint: {x: 0.000009334668, y: 0, z: 0}
--- !u!1 &1588757406675982
GameObject:
  m_ObjectHideFlags: 0
  m_CorrespondingSourceObject: {fileID: 0}
  m_PrefabInstance: {fileID: 0}
  m_PrefabAsset: {fileID: 0}
  serializedVersion: 6
  m_Component:
  - component: {fileID: 4509256327935050}
  m_Layer: 10
  m_Name: Bip001 R Hand
  m_TagString: Untagged
  m_Icon: {fileID: 0}
  m_NavMeshLayer: 0
  m_StaticEditorFlags: 0
  m_IsActive: 1
--- !u!4 &4509256327935050
Transform:
  m_ObjectHideFlags: 0
  m_CorrespondingSourceObject: {fileID: 0}
  m_PrefabInstance: {fileID: 0}
  m_PrefabAsset: {fileID: 0}
  m_GameObject: {fileID: 1588757406675982}
  m_LocalRotation: {x: 0.6976768, y: 0.113444, z: -0.1133537, w: 0.6982324}
  m_LocalPosition: {x: -0.379495, y: 0, z: -0.0000001192093}
  m_LocalScale: {x: 1, y: 1, z: 1}
  m_Children:
  - {fileID: 4876623618442744}
  - {fileID: 4669452905721221}
  - {fileID: 4037656490587845}
  - {fileID: 4906327636594375}
  m_Father: {fileID: 4538660309998671}
  m_RootOrder: 0
  m_LocalEulerAnglesHint: {x: 89.95438, y: -18.45677, z: -0.0000002546444}
--- !u!1 &1590506272318181
GameObject:
  m_ObjectHideFlags: 0
  m_CorrespondingSourceObject: {fileID: 0}
  m_PrefabInstance: {fileID: 0}
  m_PrefabAsset: {fileID: 0}
  serializedVersion: 6
  m_Component:
  - component: {fileID: 4394778636474153}
  m_Layer: 10
  m_Name: Hp_show
  m_TagString: Untagged
  m_Icon: {fileID: 0}
  m_NavMeshLayer: 0
  m_StaticEditorFlags: 0
  m_IsActive: 1
--- !u!4 &4394778636474153
Transform:
  m_ObjectHideFlags: 0
  m_CorrespondingSourceObject: {fileID: 0}
  m_PrefabInstance: {fileID: 0}
  m_PrefabAsset: {fileID: 0}
  m_GameObject: {fileID: 1590506272318181}
  m_LocalRotation: {x: 0, y: 0, z: 0, w: 1}
  m_LocalPosition: {x: 0, y: 3.1, z: -0.02}
  m_LocalScale: {x: 1, y: 1, z: 1}
  m_Children: []
  m_Father: {fileID: 4895912209173174}
  m_RootOrder: 10
  m_LocalEulerAnglesHint: {x: 0, y: 0, z: 0}
--- !u!1 &1617073600482077
GameObject:
  m_ObjectHideFlags: 0
  m_CorrespondingSourceObject: {fileID: 0}
  m_PrefabInstance: {fileID: 0}
  m_PrefabAsset: {fileID: 0}
  serializedVersion: 6
  m_Component:
  - component: {fileID: 4140409295310547}
  m_Layer: 10
  m_Name: Bip001 Head
  m_TagString: Untagged
  m_Icon: {fileID: 0}
  m_NavMeshLayer: 0
  m_StaticEditorFlags: 0
  m_IsActive: 1
--- !u!4 &4140409295310547
Transform:
  m_ObjectHideFlags: 0
  m_CorrespondingSourceObject: {fileID: 0}
  m_PrefabInstance: {fileID: 0}
  m_PrefabAsset: {fileID: 0}
  m_GameObject: {fileID: 1617073600482077}
  m_LocalRotation: {x: 0.00000005703383, y: 0.0000001698637, z: -0.03988201, w: 0.9992044}
  m_LocalPosition: {x: -0.1417006, y: 0.00000001490116, z: 2.842171e-14}
  m_LocalScale: {x: 1, y: 1, z: 1}
  m_Children:
  - {fileID: 4607302604694073}
  m_Father: {fileID: 4708485351913630}
  m_RootOrder: 0
  m_LocalEulerAnglesHint: {x: 0.000005754094, y: -0.00001971011, z: 4.571354}
--- !u!1 &1656162096823868
GameObject:
  m_ObjectHideFlags: 0
  m_CorrespondingSourceObject: {fileID: 0}
  m_PrefabInstance: {fileID: 0}
  m_PrefabAsset: {fileID: 0}
  serializedVersion: 6
  m_Component:
  - component: {fileID: 4669452905721221}
  m_Layer: 10
  m_Name: Bip001 R Finger1
  m_TagString: Untagged
  m_Icon: {fileID: 0}
  m_NavMeshLayer: 0
  m_StaticEditorFlags: 0
  m_IsActive: 1
--- !u!4 &4669452905721221
Transform:
  m_ObjectHideFlags: 0
  m_CorrespondingSourceObject: {fileID: 0}
  m_PrefabInstance: {fileID: 0}
  m_PrefabAsset: {fileID: 0}
  m_GameObject: {fileID: 1656162096823868}
  m_LocalRotation: {x: 0.0343289, y: 0.04451197, z: -0.03741357, w: 0.9977177}
  m_LocalPosition: {x: -0.2994356, y: -0.04778528, z: 0.0586496}
  m_LocalScale: {x: 0.9999999, y: 1, z: 0.9999998}
  m_Children:
  - {fileID: 4888606212852612}
  m_Father: {fileID: 4509256327935050}
  m_RootOrder: 1
  m_LocalEulerAnglesHint: {x: 3.752361, y: -5.243548, z: 4.123191}
--- !u!1 &1666014358739341
GameObject:
  m_ObjectHideFlags: 0
  m_CorrespondingSourceObject: {fileID: 0}
  m_PrefabInstance: {fileID: 0}
  m_PrefabAsset: {fileID: 0}
  serializedVersion: 6
  m_Component:
  - component: {fileID: 4604775409443362}
  m_Layer: 10
  m_Name: Bip001 L Hand
  m_TagString: Untagged
  m_Icon: {fileID: 0}
  m_NavMeshLayer: 0
  m_StaticEditorFlags: 0
  m_IsActive: 1
--- !u!4 &4604775409443362
Transform:
  m_ObjectHideFlags: 0
  m_CorrespondingSourceObject: {fileID: 0}
  m_PrefabInstance: {fileID: 0}
  m_PrefabAsset: {fileID: 0}
  m_GameObject: {fileID: 1666014358739341}
  m_LocalRotation: {x: -0.6976767, y: -0.113444, z: -0.1133537, w: 0.6982325}
  m_LocalPosition: {x: -0.379495, y: 0, z: 0}
  m_LocalScale: {x: 1, y: 1, z: 1}
  m_Children:
  - {fileID: 4359198300775461}
  - {fileID: 4744479657430347}
  - {fileID: 4402322271283852}
  m_Father: {fileID: 4560253950513616}
  m_RootOrder: 0
  m_LocalEulerAnglesHint: {x: -89.95438, y: 18.45677, z: 0.00000012101}
--- !u!1 &1712426772965482
GameObject:
  m_ObjectHideFlags: 0
  m_CorrespondingSourceObject: {fileID: 0}
  m_PrefabInstance: {fileID: 0}
  m_PrefabAsset: {fileID: 0}
  serializedVersion: 6
  m_Component:
  - component: {fileID: 4297081270308533}
  m_Layer: 10
  m_Name: RightFoot
  m_TagString: Untagged
  m_Icon: {fileID: 0}
  m_NavMeshLayer: 0
  m_StaticEditorFlags: 0
  m_IsActive: 1
--- !u!4 &4297081270308533
Transform:
  m_ObjectHideFlags: 0
  m_CorrespondingSourceObject: {fileID: 0}
  m_PrefabInstance: {fileID: 0}
  m_PrefabAsset: {fileID: 0}
  m_GameObject: {fileID: 1712426772965482}
  m_LocalRotation: {x: 0.0000007748601, y: -0.0000006740357, z: -0.000000550384, w: 1}
  m_LocalPosition: {x: -0.1939167, y: 0.1956496, z: -0.00000008940697}
  m_LocalScale: {x: 1, y: 1, z: 1}
  m_Children: []
  m_Father: {fileID: 4616107730188725}
  m_RootOrder: 1
  m_LocalEulerAnglesHint: {x: 0.00008879247, y: 0.00007723875, z: 0.00006306941}
--- !u!1 &1732146943948288
GameObject:
  m_ObjectHideFlags: 0
  m_CorrespondingSourceObject: {fileID: 0}
  m_PrefabInstance: {fileID: 0}
  m_PrefabAsset: {fileID: 0}
  serializedVersion: 6
  m_Component:
  - component: {fileID: 4028281980767577}
  m_Layer: 10
  m_Name: Bip001 Spine
  m_TagString: Untagged
  m_Icon: {fileID: 0}
  m_NavMeshLayer: 0
  m_StaticEditorFlags: 0
  m_IsActive: 1
--- !u!4 &4028281980767577
Transform:
  m_ObjectHideFlags: 0
  m_CorrespondingSourceObject: {fileID: 0}
  m_PrefabInstance: {fileID: 0}
  m_PrefabAsset: {fileID: 0}
  m_GameObject: {fileID: 1732146943948288}
  m_LocalRotation: {x: -0.000002080476, y: 0.000000693676, z: -0.000398159, w: 0.9999999}
  m_LocalPosition: {x: -0.09308636, y: -0.0003984123, z: 0.0000001296446}
  m_LocalScale: {x: 1, y: 1, z: 1}
  m_Children:
  - {fileID: 4136876254615656}
  - {fileID: 4708485351913630}
  - {fileID: 4308909180819215}
  m_Father: {fileID: 4932075932370820}
  m_RootOrder: 0
  m_LocalEulerAnglesHint: {x: -0.0002384366, y: -0.00007939449, z: 0.04562566}
--- !u!1 &1732972153819419
GameObject:
  m_ObjectHideFlags: 0
  m_CorrespondingSourceObject: {fileID: 0}
  m_PrefabInstance: {fileID: 0}
  m_PrefabAsset: {fileID: 0}
  serializedVersion: 6
  m_Component:
  - component: {fileID: 4359198300775461}
  m_Layer: 10
  m_Name: Bip001 L Finger0
  m_TagString: Untagged
  m_Icon: {fileID: 0}
  m_NavMeshLayer: 0
  m_StaticEditorFlags: 0
  m_IsActive: 1
--- !u!4 &4359198300775461
Transform:
  m_ObjectHideFlags: 0
  m_CorrespondingSourceObject: {fileID: 0}
  m_PrefabInstance: {fileID: 0}
  m_PrefabAsset: {fileID: 0}
  m_GameObject: {fileID: 1732972153819419}
  m_LocalRotation: {x: 0.3690425, y: -0.3424744, z: 0.01050481, w: 0.8639494}
  m_LocalPosition: {x: -0.04386353, y: 0.03126264, z: -0.09280083}
  m_LocalScale: {x: 0.9999999, y: 0.9999999, z: 0.9999999}
  m_Children:
  - {fileID: 4060309697025768}
  m_Father: {fileID: 4604775409443362}
  m_RootOrder: 0
  m_LocalEulerAnglesHint: {x: 51.97414, y: 36.83514, z: 17.04644}
--- !u!1 &1745615710589671
GameObject:
  m_ObjectHideFlags: 0
  m_CorrespondingSourceObject: {fileID: 0}
  m_PrefabInstance: {fileID: 0}
  m_PrefabAsset: {fileID: 0}
  serializedVersion: 6
  m_Component:
  - component: {fileID: 4171930847575194}
  m_Layer: 10
  m_Name: Fly
  m_TagString: Untagged
  m_Icon: {fileID: 0}
  m_NavMeshLayer: 0
  m_StaticEditorFlags: 0
  m_IsActive: 1
--- !u!4 &4171930847575194
Transform:
  m_ObjectHideFlags: 0
  m_CorrespondingSourceObject: {fileID: 0}
  m_PrefabInstance: {fileID: 0}
  m_PrefabAsset: {fileID: 0}
  m_GameObject: {fileID: 1745615710589671}
  m_LocalRotation: {x: 0, y: 0, z: 0, w: 1}
  m_LocalPosition: {x: -0.7879999, y: 0.6759999, z: 0.801}
  m_LocalScale: {x: 1, y: 1, z: 1}
  m_Children: []
  m_Father: {fileID: 4895912209173174}
  m_RootOrder: 4
  m_LocalEulerAnglesHint: {x: 0, y: 0, z: 0}
--- !u!1 &1753602199897222
GameObject:
  m_ObjectHideFlags: 0
  m_CorrespondingSourceObject: {fileID: 0}
  m_PrefabInstance: {fileID: 0}
  m_PrefabAsset: {fileID: 0}
  serializedVersion: 6
  m_Component:
  - component: {fileID: 4363362781956401}
  m_Layer: 10
  m_Name: Ground
  m_TagString: Untagged
  m_Icon: {fileID: 0}
  m_NavMeshLayer: 0
  m_StaticEditorFlags: 0
  m_IsActive: 1
--- !u!4 &4363362781956401
Transform:
  m_ObjectHideFlags: 0
  m_CorrespondingSourceObject: {fileID: 0}
  m_PrefabInstance: {fileID: 0}
  m_PrefabAsset: {fileID: 0}
  m_GameObject: {fileID: 1753602199897222}
  m_LocalRotation: {x: 0.00000008146034, y: 0, z: 0, w: 1}
  m_LocalPosition: {x: 0, y: 0, z: -3.163798e-11}
  m_LocalScale: {x: 1, y: 1, z: 1}
  m_Children: []
  m_Father: {fileID: 4895912209173174}
  m_RootOrder: 2
  m_LocalEulerAnglesHint: {x: 0.000009334668, y: 0, z: 0}
--- !u!1 &1827308517756641
GameObject:
  m_ObjectHideFlags: 0
  m_CorrespondingSourceObject: {fileID: 0}
  m_PrefabInstance: {fileID: 0}
  m_PrefabAsset: {fileID: 0}
  serializedVersion: 6
  m_Component:
  - component: {fileID: 4094502873786459}
  m_Layer: 10
  m_Name: Face
  m_TagString: Untagged
  m_Icon: {fileID: 0}
  m_NavMeshLayer: 0
  m_StaticEditorFlags: 0
  m_IsActive: 1
--- !u!4 &4094502873786459
Transform:
  m_ObjectHideFlags: 0
  m_CorrespondingSourceObject: {fileID: 0}
  m_PrefabInstance: {fileID: 0}
  m_PrefabAsset: {fileID: 0}
  m_GameObject: {fileID: 1827308517756641}
  m_LocalRotation: {x: 0, y: 0, z: 0, w: 1}
  m_LocalPosition: {x: 0, y: 0, z: 2}
  m_LocalScale: {x: 1, y: 1, z: 1}
  m_Children: []
  m_Father: {fileID: 4895912209173174}
  m_RootOrder: 9
  m_LocalEulerAnglesHint: {x: 0, y: 0, z: 0}
--- !u!1 &1834193910052014
GameObject:
  m_ObjectHideFlags: 0
  m_CorrespondingSourceObject: {fileID: 0}
  m_PrefabInstance: {fileID: 0}
  m_PrefabAsset: {fileID: 0}
  serializedVersion: 6
  m_Component:
  - component: {fileID: 4848264095245428}
  m_Layer: 10
  m_Name: Bip001 L Foot
  m_TagString: Untagged
  m_Icon: {fileID: 0}
  m_NavMeshLayer: 0
  m_StaticEditorFlags: 0
  m_IsActive: 1
--- !u!4 &4848264095245428
Transform:
  m_ObjectHideFlags: 0
  m_CorrespondingSourceObject: {fileID: 0}
  m_PrefabInstance: {fileID: 0}
  m_PrefabAsset: {fileID: 0}
  m_GameObject: {fileID: 1834193910052014}
  m_LocalRotation: {x: 0.04129247, y: 0.1377219, z: -0.09454047, w: 0.9850836}
  m_LocalPosition: {x: -0.3073695, y: 0.00000001490116, z: 0.00000005960464}
  m_LocalScale: {x: 1, y: 1, z: 1}
  m_Children:
  - {fileID: 4811509592024051}
  - {fileID: 4617066628820669}
  m_Father: {fileID: 4027960621928686}
  m_RootOrder: 0
  m_LocalEulerAnglesHint: {x: 3.302191, y: -16.20905, z: 10.49364}
--- !u!1 &1859205255444105
GameObject:
  m_ObjectHideFlags: 0
  m_CorrespondingSourceObject: {fileID: 0}
  m_PrefabInstance: {fileID: 0}
  m_PrefabAsset: {fileID: 0}
  serializedVersion: 6
  m_Component:
  - component: {fileID: 4812243032889790}
  m_Layer: 10
  m_Name: Bip001 R Finger02
  m_TagString: Untagged
  m_Icon: {fileID: 0}
  m_NavMeshLayer: 0
  m_StaticEditorFlags: 0
  m_IsActive: 1
--- !u!4 &4812243032889790
Transform:
  m_ObjectHideFlags: 0
  m_CorrespondingSourceObject: {fileID: 0}
  m_PrefabInstance: {fileID: 0}
  m_PrefabAsset: {fileID: 0}
  m_GameObject: {fileID: 1859205255444105}
  m_LocalRotation: {x: -0.00000001904376, y: -0.0000000155773, z: 0.06146634, w: 0.9981092}
  m_LocalPosition: {x: -0.1055993, y: 0, z: -0.0000001788139}
  m_LocalScale: {x: 0.9999999, y: 1, z: 0.9999999}
  m_Children: []
  m_Father: {fileID: 4314330716235680}
  m_RootOrder: 0
  m_LocalEulerAnglesHint: {x: -0.000002287846, y: 0.000001647516, z: -7.047966}
--- !u!1 &1866747264653050
GameObject:
  m_ObjectHideFlags: 0
  m_CorrespondingSourceObject: {fileID: 0}
  m_PrefabInstance: {fileID: 0}
  m_PrefabAsset: {fileID: 0}
  serializedVersion: 6
  m_Component:
  - component: {fileID: 4744479657430347}
  m_Layer: 10
  m_Name: Bip001 L Finger1
  m_TagString: Untagged
  m_Icon: {fileID: 0}
  m_NavMeshLayer: 0
  m_StaticEditorFlags: 0
  m_IsActive: 1
--- !u!4 &4744479657430347
Transform:
  m_ObjectHideFlags: 0
  m_CorrespondingSourceObject: {fileID: 0}
  m_PrefabInstance: {fileID: 0}
  m_PrefabAsset: {fileID: 0}
  m_GameObject: {fileID: 1866747264653050}
  m_LocalRotation: {x: -0.03432889, y: -0.04451198, z: -0.03741359, w: 0.9977177}
  m_LocalPosition: {x: -0.2994356, y: -0.0477854, z: -0.05864963}
  m_LocalScale: {x: 0.9999999, y: 1, z: 0.9999999}
  m_Children:
  - {fileID: 4549000401407499}
  m_Father: {fileID: 4604775409443362}
  m_RootOrder: 1
  m_LocalEulerAnglesHint: {x: -3.75236, y: 5.243549, z: 4.123192}
--- !u!1 &1877892698836436
GameObject:
  m_ObjectHideFlags: 0
  m_CorrespondingSourceObject: {fileID: 0}
  m_PrefabInstance: {fileID: 0}
  m_PrefabAsset: {fileID: 0}
  serializedVersion: 6
  m_Component:
  - component: {fileID: 4899867186544807}
  m_Layer: 10
  m_Name: Bip001 R Toe0
  m_TagString: Untagged
  m_Icon: {fileID: 0}
  m_NavMeshLayer: 0
  m_StaticEditorFlags: 0
  m_IsActive: 1
--- !u!4 &4899867186544807
Transform:
  m_ObjectHideFlags: 0
  m_CorrespondingSourceObject: {fileID: 0}
  m_PrefabInstance: {fileID: 0}
  m_PrefabAsset: {fileID: 0}
  m_GameObject: {fileID: 1877892698836436}
  m_LocalRotation: {x: -0.00000001545431, y: 0.00000001545431, z: -0.7071068, w: 0.7071068}
  m_LocalPosition: {x: -0.3878331, y: 0.5217322, z: 0.00000005960464}
  m_LocalScale: {x: 1, y: 1, z: 1}
  m_Children: []
  m_Father: {fileID: 4616107730188725}
  m_RootOrder: 0
  m_LocalEulerAnglesHint: {x: -0.000002504478, y: 1.895758e-22, z: 90}
--- !u!1 &1879804968403974
GameObject:
  m_ObjectHideFlags: 0
  m_CorrespondingSourceObject: {fileID: 0}
  m_PrefabInstance: {fileID: 0}
  m_PrefabAsset: {fileID: 0}
  serializedVersion: 6
  m_Component:
  - component: {fileID: 4708485351913630}
  m_Layer: 10
  m_Name: Bip001 Neck
  m_TagString: Untagged
  m_Icon: {fileID: 0}
  m_NavMeshLayer: 0
  m_StaticEditorFlags: 0
  m_IsActive: 1
--- !u!4 &4708485351913630
Transform:
  m_ObjectHideFlags: 0
  m_CorrespondingSourceObject: {fileID: 0}
  m_PrefabInstance: {fileID: 0}
  m_PrefabAsset: {fileID: 0}
  m_GameObject: {fileID: 1879804968403974}
  m_LocalRotation: {x: -0.00000007819729, y: 0.00000001451376, z: -0.003341789, w: 0.9999945}
  m_LocalPosition: {x: -0.5277079, y: -0.02131388, z: 0.00000002663066}
  m_LocalScale: {x: 1, y: 1, z: 1}
  m_Children:
  - {fileID: 4140409295310547}
  - {fileID: 4214156730053702}
  - {fileID: 4921488584687513}
  m_Father: {fileID: 4028281980767577}
  m_RootOrder: 1
  m_LocalEulerAnglesHint: {x: -0.000008966256, y: -0.0000016332, z: 0.3829415}
--- !u!1 &1904903640093512
GameObject:
  m_ObjectHideFlags: 0
  m_CorrespondingSourceObject: {fileID: 0}
  m_PrefabInstance: {fileID: 0}
  m_PrefabAsset: {fileID: 0}
  serializedVersion: 6
  m_Component:
  - component: {fileID: 4324400360840176}
  m_Layer: 10
  m_Name: Bip001 L Finger21
  m_TagString: Untagged
  m_Icon: {fileID: 0}
  m_NavMeshLayer: 0
  m_StaticEditorFlags: 0
  m_IsActive: 1
--- !u!4 &4324400360840176
Transform:
  m_ObjectHideFlags: 0
  m_CorrespondingSourceObject: {fileID: 0}
  m_PrefabInstance: {fileID: 0}
  m_PrefabAsset: {fileID: 0}
  m_GameObject: {fileID: 1904903640093512}
  m_LocalRotation: {x: 0.00000001506392, y: -0.000000007115768, z: 0.0223441, w: 0.9997504}
  m_LocalPosition: {x: -0.143559, y: -0.0000001192093, z: -0.00000005960464}
  m_LocalScale: {x: 1, y: 1, z: 1}
  m_Children: []
  m_Father: {fileID: 4402322271283852}
  m_RootOrder: 0
  m_LocalEulerAnglesHint: {x: 0.000001707547, y: 0.0000008537737, z: -2.560659}
--- !u!1 &1906736330116879
GameObject:
  m_ObjectHideFlags: 0
  m_CorrespondingSourceObject: {fileID: 0}
  m_PrefabInstance: {fileID: 0}
  m_PrefabAsset: {fileID: 0}
  serializedVersion: 6
  m_Component:
  - component: {fileID: 4888606212852612}
  m_Layer: 10
  m_Name: Bip001 R Finger11
  m_TagString: Untagged
  m_Icon: {fileID: 0}
  m_NavMeshLayer: 0
  m_StaticEditorFlags: 0
  m_IsActive: 1
--- !u!4 &4888606212852612
Transform:
  m_ObjectHideFlags: 0
  m_CorrespondingSourceObject: {fileID: 0}
  m_PrefabInstance: {fileID: 0}
  m_PrefabAsset: {fileID: 0}
  m_GameObject: {fileID: 1906736330116879}
  m_LocalRotation: {x: -0.000000001897656, y: 0.000000001826964, z: 0.01897626, w: 0.9998199}
  m_LocalPosition: {x: -0.1611915, y: 0, z: 0.00000002980232}
  m_LocalScale: {x: 0.9999999, y: 0.9999999, z: 0.9999999}
  m_Children: []
  m_Father: {fileID: 4669452905721221}
  m_RootOrder: 0
  m_LocalEulerAnglesHint: {x: -0.0000002134434, y: -0.0000002134434, z: -2.17465}
--- !u!1 &1924085167527730
GameObject:
  m_ObjectHideFlags: 0
  m_CorrespondingSourceObject: {fileID: 0}
  m_PrefabInstance: {fileID: 0}
  m_PrefabAsset: {fileID: 0}
  serializedVersion: 6
  m_Component:
  - component: {fileID: 4208301519650573}
  m_Layer: 10
  m_Name: Fly_2
  m_TagString: Untagged
  m_Icon: {fileID: 0}
  m_NavMeshLayer: 0
  m_StaticEditorFlags: 0
  m_IsActive: 1
--- !u!4 &4208301519650573
Transform:
  m_ObjectHideFlags: 0
  m_CorrespondingSourceObject: {fileID: 0}
  m_PrefabInstance: {fileID: 0}
  m_PrefabAsset: {fileID: 0}
  m_GameObject: {fileID: 1924085167527730}
  m_LocalRotation: {x: 0, y: 0, z: 0, w: 1}
  m_LocalPosition: {x: 1.423, y: 2.058, z: 1.438}
  m_LocalScale: {x: 1, y: 1, z: 1}
  m_Children: []
  m_Father: {fileID: 4895912209173174}
  m_RootOrder: 6
  m_LocalEulerAnglesHint: {x: 0, y: 0, z: 0}
--- !u!1 &1949282951741961
GameObject:
  m_ObjectHideFlags: 0
  m_CorrespondingSourceObject: {fileID: 0}
  m_PrefabInstance: {fileID: 0}
  m_PrefabAsset: {fileID: 0}
  serializedVersion: 6
  m_Component:
  - component: {fileID: 4560253950513616}
  m_Layer: 10
  m_Name: Bip001 L Forearm
  m_TagString: Untagged
  m_Icon: {fileID: 0}
  m_NavMeshLayer: 0
  m_StaticEditorFlags: 0
  m_IsActive: 1
--- !u!4 &4560253950513616
Transform:
  m_ObjectHideFlags: 0
  m_CorrespondingSourceObject: {fileID: 0}
  m_PrefabInstance: {fileID: 0}
  m_PrefabAsset: {fileID: 0}
  m_GameObject: {fileID: 1949282951741961}
  m_LocalRotation: {x: -0.000000003164771, y: 0.00000001467986, z: 0.08786763, w: 0.9961322}
  m_LocalPosition: {x: -0.2441464, y: 0, z: 0}
  m_LocalScale: {x: 0.9999999, y: 0.9999998, z: 1}
  m_Children:
  - {fileID: 4604775409443362}
  m_Father: {fileID: 4943713790834189}
  m_RootOrder: 0
  m_LocalEulerAnglesHint: {x: -0.0000002134434, y: -0.000001707547, z: -10.08189}
--- !u!1 &1991731608800103
GameObject:
  m_ObjectHideFlags: 0
  m_CorrespondingSourceObject: {fileID: 0}
  m_PrefabInstance: {fileID: 0}
  m_PrefabAsset: {fileID: 0}
  serializedVersion: 6
  m_Component:
  - component: {fileID: 4314330716235680}
  m_Layer: 10
  m_Name: Bip001 R Finger01
  m_TagString: Untagged
  m_Icon: {fileID: 0}
  m_NavMeshLayer: 0
  m_StaticEditorFlags: 0
  m_IsActive: 1
--- !u!4 &4314330716235680
Transform:
  m_ObjectHideFlags: 0
  m_CorrespondingSourceObject: {fileID: 0}
  m_PrefabInstance: {fileID: 0}
  m_PrefabAsset: {fileID: 0}
  m_GameObject: {fileID: 1991731608800103}
  m_LocalRotation: {x: 0.000000004011636, y: -0.000000009388037, z: -0.02857523, w: 0.9995916}
  m_LocalPosition: {x: -0.1981182, y: -0.00000005960464, z: 0.0000001192093}
  m_LocalScale: {x: 1, y: 0.9999999, z: 1}
  m_Children:
  - {fileID: 4812243032889790}
  m_Father: {fileID: 4876623618442744}
  m_RootOrder: 0
  m_LocalEulerAnglesHint: {x: 0.0000004902529, y: 0.000001062214, z: 3.274925}
